 Dungeon Crawl Stone Soup version 0.28.0-53-g5a82cb258f (webtiles) character file.

Game seed: 2129385298635663074

102 Descartes the Sneak (level 4, -1/19 HPs)
             Began as a Felid Transmuter on July 8, 2022.
             Slain by a gnoll
             ... wielding a +0 whip
              (2 damage)
             ... on level 4 of the Dungeon.
             The game lasted 00:07:00 (4457 turns).

Descartes the Sneak (Felid Transmuter)              Turns: 4457, Time: 00:07:01

Health: -1/19      AC:  1    Str:  8    XL:     4   Next: 49%
Magic:  7/8        EV: 18    Int: 15    God:
Gold:   186        SH:  0    Dex: 16    Spells: 2/7 levels left
                                        Lives:  0   Deaths: 1

rFire   . . .      SeeInvis +     - Unarmed
rCold   . . .      Faith    .   (shield unavailable)
rNeg    . . .      Spirit   .   (armour unavailable)
rPois   .          Reflect  .   (helmet unavailable)
rElec   .          Harm     .   (cloak unavailable)
rCorr   .          Rampage  .   (gloves unavailable)
Will    .....                   (boots unavailable)
Stlth   +++.......              (no amulet)
HPRegen 0.06/turn               f - ring of flight
MPRegen 0.11/turn               (no ring)

@: appendages, flying, quick
A: horns 2, very small, claws 1, fangs 3, see invisible, speed 1, shaggy fur 1,
stealthy paws, no weapons or thrown items, no armour, multi-lived
a: End Transformation


You were on level 4 of the Dungeon.
You had temporarily grown beastly horns.
You visited 1 branch of the dungeon, and saw 4 of its levels.

You collected 186 gold pieces.

Inventory:

Missiles
 c - 97 stones
Jewellery
 f - a ring of flight (left paw)
Wands
 j - a wand of polymorph (18)
Scrolls
 b - a scroll of enchant armour {unknown}
 g - a scroll of identify {unknown}
 i - a scroll of vulnerability {unknown}
 l - 2 scrolls of teleportation {unknown}
 m - a scroll of blinking {unknown}
Potions
 a - a potion of curing {unknown}
 d - a potion of haste {unknown}
 e - a potion of lignification {unknown}
 h - a potion of berserk rage {unknown}
 k - a potion of attraction {unknown}


   Skills:
 - Level 1.0 Fighting
 + Level 4.1 Dodging
 * Level 4.5 Stealth
 + Level 3.8 Unarmed Combat
 - Level 2.0 Spellcasting
 + Level 1.0 Translocations
 + Level 3.3 Transmutations


You had 2 spell levels left.
You knew the following spells:

 Your Spells              Type           Power      Damage    Failure   Level
a - Beastly Appendage     Tmut           22%        N/A       5%          1
b - Blink                 Tloc           8%         N/A       22%         2
c - Wereblood             Tmut           11%        N/A       9%          2

Your spell library contained the following spells:

 Spells                   Type           Power      Damage    Failure   Level
 Scorch                   Fire           2%         2d5       32%         2
 Spider Form              Tmut/Pois      6%         N/A       32%         3
 Lesser Beckoning         Tloc           4%         N/A       41%         3
 Ice Form                 Ice/Tmut       6%         N/A       73%         4
 Flame Wave               Conj/Fire      1%         2d4       91%         4
 Manifold Assault         Tloc           4%         N/A       99%         5
 Summon Cactus Giant      Summ           0%         N/A       100%        6


Dungeon Overview and Level Annotations

Branches:
Dungeon (4/15)
 Temple: D:4-7

Altars:
Hepliaklqana
Ru
Zin

Shops:
D:2 *


Innate Abilities, Weirdness & Mutations

You have temporarily grown beastly horns.
You have sharp claws.
You have razor-sharp teeth.
You have supernaturally acute eyesight. (SInv)
You cover ground quickly. (Speed+)
You are covered in fur. (AC +1)
Your paws help you pounce on unaware monsters.
You are incapable of wielding weapons or throwing items.
You cannot wear armour.
You gain extra lives every three experience levels.


Message History

The gnoll is lightly wounded.
The gnoll barely misses you.
You scratch the gnoll. You bite the gnoll, but do no damage.
The gnoll is moderately wounded.
The gnoll closely misses you.
You scratch the gnoll.
The gnoll is severely wounded.
The gnoll misses you.
You barely miss the gnoll. You headbutt the gnoll.
The gnoll is almost dead.
The gnoll closely misses you.
You scratch the gnoll but do no damage. You bite the gnoll.
The gnoll is almost dead.
The gnoll completely misses you.
You scratch the gnoll but do no damage.
The gnoll is almost dead.
The gnoll completely misses you.
You scratch the gnoll.
You kill the gnoll!
Your transformation is almost over.
Your Translocations skill increases to level 1!
Things that are here:
a +0 spear; a gnoll corpse A gnoll is nearby!
Your horns disappear.
You see here a hobgoblin corpse.
Casting: Beastly Appendage (safe; 5% risk of failure)
Confirm with . or Enter, or press ? or * to list all spells.
You grow a pair of large bovine horns.
The gnoll hits you with a +0 whip!
You scratch the gnoll. You claw the gnoll. You bite the gnoll.
The gnoll is almost dead.
You scratch the gnoll but do no damage. You bite the gnoll, but do no damage.
The gnoll is almost dead.
The gnoll hits you with a +0 whip.
* * * LOW HITPOINT WARNING * * *
You barely miss the gnoll.
The gnoll is almost dead.
The gnoll hits you with a +0 whip.
You die...

###
###############################..
..............†.@g...)...g.......
......##################.........
......# #######.........
......####### #...............
............# #...............
............# #...............
............# ############...#
.....#......######### #...#
##.###......##......# #...#


You could see a gnoll.

Vanquished Creatures
  A hound (D:2)
  An orc wizard (D:3)
  2 gnolls (D:4)
  4 adders
  4 worms
  A dart slug (D:2)
  4 orcs
  6 ball pythons
  4 bats
  7 endoplasms
  4 giant cockroaches
  5 goblins
  3 hobgoblins
  3 quokkas (D:2)
  A ball python skeleton (D:3)
  4 frilled lizards
  5 kobolds
  8 rats
67 creatures vanquished.

Vanquished Creatures (others)
  10 plants (D:4)
10 creatures vanquished.

Grand Total: 77 creatures vanquished

Notes
Turn   | Place    | Note
-------+----------+-------------------------------------------
     0 | D:1      | Descartes the Felid Transmuter began the quest for the Orb.
     0 | D:1      | Reached XP level 1. HP: 9/9 MP: 4/4
   535 | D:1      | Reached skill level 1 in Stealth
   560 | D:1      | Reached XP level 2. HP: 10/12 MP: 4/6
   915 | D:1      | Found a faded altar of an unknown god.
  1586 | D:2      | Reached XP level 3. HP: 15/15 MP: 5/7
  1979 | D:2      | Found Vaunen's Assorted Antiques.
  2145 | D:2      | Reached XP level 4. HP: 19/19 MP: 8/8
  2384 | D:3      | Found a glowing silver altar of Zin.
  2790 | D:3      | Found a hazy altar of Hepliaklqana.
  3287 | D:3      | Reached XP level 5. HP: 19/22 MP: 9/9
  3396 | D:3      | Learned a level 2 spell: Blink
  3399 | D:3      | Learned a level 2 spell: Wereblood
  4045 | D:4      | Found a sacrificial altar of Ru.
  4326 | D:4      | Killed from afar by an orc priest
  4327 | D:4      | Reached XP level 4. HP: -4/19 MP: 8/8
  4434 | D:4      | Reached skill level 1 in Translocations
  4457 | D:4      | Slain by a gnoll

Illustrated notes

Levels and vault maps discovered:
D:1:      denvon_arrival_waterhouse, layout_basic,
          hellmonk_ecumenical_altar_slurped_away
D:2:      layout_loops_ring, serial_shops, nicolae_shop_stone
D:3:      minmay_inner_zag, layout_basic, nicolae_hepliaklqana_hippocampus,
          zin_academy
D:4:      layout_basic, kennysheep_mini_moat, amcnicky_altar_gilded,
          grunt_decor_one_mirror, amcnicky_mini_rare_corridor_liquid,
          nicolae_grassy_gnolls

Skill      XL: |  1  2  3  4  5 |
---------------+----------------+-----
Stealth        | 1 2 3 4 |  4.5
Dodging        | 3 4 |  4.1
Transmutations | 3 |  3.3
Translocations | 1 |  1.0
Fighting       | |  1.0
Unarmed Combat | |  3.8
Spellcasting   | |  2.0

Action                   |  1- 3 |  4- 6 || total
-------------------------+-------+-------++-------
Melee: Unarmed           |    80 |    83 ||   163
       Headbutt          |    11 |     6 ||    17
       Punch             |     3 |     4 ||     7
       Bite              |     4 |     9 ||    13
 Cast: Beastly Appendage |    24 |    22 ||    46
 Stab: Sleeping          |    13 |     6 ||    19
Armor: Skin              |     1 |     1 ||     2
Dodge: Dodged            |    39 |    61 ||   100
